 Dungeon Crawl Stone Soup version 0.24.0-10-g970556be89 (console) character file.

Game seed: 8176204559736448469, levelgen mode: deterministic

306 AlterAsc the Changer (level 6, 0/38 HPs)
             Began as an Octopode Transmuter on Nov 4, 2019.
             Succumbed to a worker ant's poison
             ... on level 4 of the Dungeon.
             The game lasted 00:10:53 (4598 turns).

AlterAsc the Changer (Octopode Transmuter)          Turns: 4598, Time: 00:10:54

Health: 0/38       AC:  2    Str: 11    XL:     6   Next: 39%
Magic:  4/11       EV: 19    Int: 19    God:
Gold:   125        SH:  0    Dex: 17    Spells: 2/12 levels left

rFire    + . .     SeeInvis .     - Unarmed
rCold    + . .     Gourm    .   (shield currently unavailable)
rNeg     . . .     Faith    .   (helmet currently unavailable)
rPois    .         Spirit   .   (no amulet)
rElec    +         Reflect  .   f - ring of protection from magic
rCorr    +         Harm     .   h - ring of stealth
MR       +....                  l - +3 ring of intelligence
Stlth    +++.......             (no ring)
HPRegen  0.12/turn              (no ring)
MPRegen  0.12/turn              (no ring)
                                (no ring)
                                (no ring)

@: lethally poisoned (0 -> -22), spider-form (expiring), resistant, very
slightly contaminated, hasted, invisible, very quick
A: tiny, almost no armour, stealthy swim, (amphibious), 8 rings, (constrict 8)
a: End Transformation


You were on level 4 of the Dungeon.
You were hungry.
You were a venomous arachnid creature.
You visited 1 branch of the dungeon, and saw 4 of its levels.

You collected 125 gold pieces.

Inventory:

Missiles
 a - 51 arrows
 n - 42 poisoned darts (quivered)
Jewellery
 f - a ring of protection from magic (left front leg)
 h - a ring of stealth (right front leg)
 l - a +3 ring of intelligence (on tentacle)
Wands
 q - a wand of iceblast (14)
 r - a wand of enslavement (8)
Scrolls
 b - a scroll of immolation {unknown}
 d - 5 scrolls of teleportation {unknown}
 g - 2 scrolls of enchant armour {unknown}
 i - 3 scrolls of fog {unknown}
 j - 4 scrolls of identify {unknown}
 k - 3 scrolls of remove curse {unknown}
 s - a scroll of magic mapping {unknown}
Potions
 m - 2 potions of invisibility
 o - a potion of haste
Comestibles
 c - 10 rations


   Skills:
 + Level 1.3 Fighting
 - Level 2.0 Dodging
 * Level 3.3 Unarmed Combat
 + Level 3.6 Spellcasting
 - Level 5.1 Transmutations
 + Level 0.5 Ice Magic


You had 2 spell levels left.
You knew the following spells:

 Your Spells              Type           Power        Failure   Level  Hunger
a - Beastly Appendage     Tmut           ###...       8%          1    None
b - Sticks to Snakes      Tmut           ###.....     10%         2    ##.....
c - Spider Form           Tmut/Pois      ##........   34%         3    ###....
d - Ice Form              Ice/Tmut       ##......     63%         4    ####...

Your spell library contained the following spells:

 Spells                   Type           Power        Failure   Level  Hunger
 Corona                   Hex            #......      32%         1    None
 Ensorcelled Hibernation  Hex/Ice        #.....       41%         2    ##.....
 Confuse                  Hex            #.......     63%         3    ###....
 Dazzling Spray           Conj/Hex       #.....       63%         3    ###....
 Tukima's Dance           Hex            #.......     63%         3    ###....
 Blade Hands              Tmut           ###.......   65%         5    ######.


Dungeon Overview and Level Annotations

Branches:
Dungeon (4/15)
 Temple: D:4-7

Altars:
Dithmenos
Qazlal
Ru
Yredelemnul
The Shining One


Innate Abilities, Weirdness & Mutations

You cannot wear most types of armour.
You are very stealthy in the water. (Stealth+)
((You are amphibious.))
You can wear up to eight rings at the same time.
((You can use your tentacles to constrict eight enemies at once.))
((Your skin changes colour to match your surroundings (Stealth+).))
((Your rubbery body absorbs attacks. (AC +1, EV +1)))


Message History

* * * LOW HITPOINT WARNING * * *
You feel sick. The worker ant misses you.
Your adder bites the worker ant.
The worker ant dies!
Your adder looks stronger.
You are very lightly contaminated with residual magic.
Unknown command.
It was a potion of haste.
You feel yourself speed up.
* * * LOW HITPOINT WARNING * * *
You feel sick.
The orc wizard points at your adder and mumbles some strange words.
Your adder bites the orc wizard.
The orc wizard is poisoned.
Your adder poisons the orc wizard!
It was a potion of resistance.
You feel protected.
* * * LOW HITPOINT WARNING * * *
You feel sick.
The orc wizard points at something and mumbles some strange words.
* * * LOW HITPOINT WARNING * * *
You feel sick.
Your adder misses the orc wizard.
You die...

##)#.....# ..........#.
######...###...##.....(....
##............#.#..<...(..#
.#.......###.............##
.........#####.##........#
.§....o..............$..##
.#######....##.###.†....#
.#.... #..####.#....o...#
.#.#.#.#..####..s##.S...#
.#.._..'...##...#.......#
.#(#.#.#......#.#.#.....#
.#... #.##..##...#.....#
.## ####..#>..##.^...# .#
###.<#.)####...##
#########.......######.#
#.............#...### .#
#.##..........###...# #


You could see an orc wizard.

Vanquished Creatures
  A bullfrog skeleton (D:4)
  An orc priest (D:4)
  A worker ant (D:4)
  An iguana (D:4)
  2 orc wizards (D:3)
  3 adders (D:2)
  An ooze (D:2)
  2 worms (D:2)
  A dart slug (D:1)
  3 leopard geckos
  11 orcs
  3 bats
  3 giant cockroaches
  5 goblins
  2 hobgoblins
  11 jackals
  4 kobolds
  4 frilled lizards
  7 rats
  A spectral orc (D:2)
67 creatures vanquished.

Vanquished Creatures (collateral kills)
  A howler monkey (D:4)
  A worker ant (D:4)
2 creatures vanquished.

Grand Total: 69 creatures vanquished

Notes
Turn   | Place    | Note
-------+----------+-------------------------------------------
     0 | D:1      | AlterAsc the Octopode Transmuter began the quest for the
                  | Orb.
     0 | D:1      | Reached XP level 1. HP: 13/13 MP: 3/3
    84 | D:1      | Reached XP level 2. HP: 15/18 MP: 3/5
   107 | D:1      | Learned a level 2 spell: Sticks to Snakes
   714 | D:1      | Reached XP level 3. HP: 18/23 MP: 6/6
   743 | D:1      | Reached skill level 3 in Transmutations
  1514 | D:2      | Learned a level 3 spell: Spider Form
  1559 | D:2      | Reached XP level 4. HP: 28/28 MP: 7/7
  1571 | D:2      | Found a faded altar of an unknown god.
  1735 | D:2      | Found a shadowy altar of Dithmenos.
  1872 | D:2      | Found a basalt altar of Yredelemnul.
  2057 | D:2      | Found a sacrificial altar of Ru.
  2491 | D:3      | Found a glowing golden altar of the Shining One.
  3300 | D:3      | Reached skill level 4 in Transmutations
  3623 | D:3      | Reached XP level 5. HP: 18/33 MP: 6/9
  4026 | D:4      | Reached skill level 5 in Transmutations
  4026 | D:4      | Reached XP level 6. HP: 25/38 MP: 1/11
  4032 | D:4      | Learned a level 4 spell: Ice Form
  4197 | D:4      | Noticed a phantom
  4556 | D:4      | Found a stormy altar of Qazlal.
  4597 | D:4      | HP: 1/38 [poisoned by a worker ant]
  4598 | D:4      | Succumbed to a worker ant's poison

Levels and vault maps discovered:
D:1:      lightli_iron_boxes, layout_basic
D:2:      layout_loops_ring, yredelemnul_forgotten_temple_becter,
          marbit_many_paths, nicolae_overflow_crystal_walls,
          chequers_ecumenical_altar_simple, first_ration
D:3:      layout_loops_ring, old_standard_altar, minmay_distorted
D:4:      layout_rooms, kennysheep_little_box

Skill      XL: |  1  2  3  4  5 |
---------------+----------------+-----
Transmutations | 3 4 5 |  5.1
Spellcasting   | 3 |  3.6
Fighting       | |  1.3
Dodging        | |  2.0
Unarmed Combat | |  3.3
Ice Magic      | |  0.5

Action                   |  1- 3 |  4- 6 || total
-------------------------+-------+-------++-------
Melee: Unarmed           |    82 |   116 ||   198
       Constrict         |    27 |    17 ||    44
       Kick              |     8 |     5 ||    13
       Tentacles         |    10 |     8 ||    18
       Punch             |     3 |     2 ||     5
Throw: Dart              |       |    13 ||    13
 Cast: Beastly Appendage |     8 |     4 ||    12
       Sticks to Snakes  |     1 |     8 ||     9
       Spider Form       |       |    10 ||    10
  Use: Potion            |       |     3 ||     3
 Stab: Sleeping          |     6 |     5 ||    11
  Eat: Chunk             |     2 |     7 ||     9
       Ration            |       |     1 ||     1
Armor: Skin              |     6 |    10 ||    16
Dodge: Dodged            |    55 |    86 ||   141
